 Dungeon Crawl Stone Soup version 0.32-a0-913-g739538afd8 (webtiles) character file.

Game seed: 13240125635628628706

42 Larett the Firebug (level 3, -4/26 HPs)
             Began as a Mountain Dwarf Fire Elementalist on Apr 8, 2024.
             Slain by Terence
             ... wielding a +0 mace
              (6 damage)
             ... on level 3 of the Dungeon on Apr 9, 2024.
             The game lasted 00:07:33 (2033 turns).

Larett the Firebug (MDFE)                           Turns: 2033, Time: 00:07:34

Health: -4/26      AC:  9    Str: 14    XL:     3   Next: 35%
Magic:  5/6        EV:  6    Int: 20    God:
Gold:   95         SH:  0    Dex: 10    Spells: 3/6 levels left

rFire   + . .        a - +0 dagger
rCold   + . .        (no shield)
rNeg    . . .        P - +0 chain mail
rPois   +            M - +0 hat "Yfitymm" {Fly Str+4 Int+3}
rElec   +            (no cloak)
rCorr   +            (no gloves)
SInv    .            Z - +0 pair of boots
Will    .....        (no amulet) Stlth
                     o - ring of poison resistance
HPRegen 0.24/turn    (no ring)
MPRegen 0.10/turn

%: no passive effects
@: resistant, flying, very slightly contaminated
A: runic magic, artefact enchanting
a: no special abilities


You were on level 3 of the Dungeon.
You visited 1 branch of the dungeon, and saw 3 of its levels.

You collected 95 gold pieces.

Inventory:

Hand Weapons
 a - a +0 dagger (weapon)
 b - a +0 sling
Armour
 e - a +0 leather armour
 M - the +0 hat "Yfitymm" (worn) {Fly Str+4 Int+3}
   (You found it on level 3 of the Dungeon)

   Str+4:     It affects your strength (+4).
   Int+3:     It affects your intelligence (+3).
   Fly:       It grants you flight.
 P - a +0 chain mail (worn)
 Z - a +0 pair of boots (worn)
Jewellery
 o - a ring of poison resistance (left hand)
Scrolls
 Q - a scroll of torment {unknown}
 R - a scroll of revelation {unknown}
 T - 3 scrolls of teleportation
 U - a scroll of brand weapon
 V - a scroll of enchant weapon
 X - a scroll of enchant armour {unknown}
Potions
 O - a potion of invisibility {unknown}
 Y - a potion of degeneration {unknown}


   Skills:
 + Level 1.2 Armour
 + Level 1.7 Dodging
 + Level 1.7 Stealth
 + Level 2.1 Spellcasting
 + Level 1.4 Conjurations
 + Level 3.9 Fire Magic


You had 3 spell levels left.
You knew the following spells:

 Your Spells              Type           Power      Damage    Failure   Level
a - Foxfire               Conj/Fire      48%        2x1d6     11%         1
b - Scorch                Fire           34%        2d6       10%         2

Your spell library contained the following spells:

 Spells                   Type           Power      Damage    Failure   Level
 Inner Flame              Hex/Fire       10%        N/A       38%         3
 Volatile Blastmotes      Fire/Tloc      20%        2d11      38%         3
 Call Imp                 Summ           4%         N/A       43%         2
 Sublimation of Blood     Necr           2%         N/A       43%         2
 Flame Wave               Conj/Fire      12%        2d6       71%         4
 Summon Hydra             Summ           1%         N/A       100%        7


Dungeon Overview and Level Annotations

Branches:
Dungeon (3/15)

Altars:

Shops:
D:1 *:*=*

Annotations:
D:3 Terence


Innate Abilities, Weirdness & Mutations

Your spellcasting is much less encumbered by armour.
You can use scrolls of enchantment on lesser artefacts.


Message History

Casting: Scorch (safe; 10% risk of failure)
Confirm with . or Enter, or press ? or * to list all spells.
Flames lash Terence.
Terence is severely wounded.
Terence's fire resistance burns away.
Terence barely misses you.
Unknown command.
Terence closely misses you. Terence attacks as he pursues you!
Terence barely misses you.
Terence is no longer more vulnerable to fire.
Casting: Scorch (safe; 10% risk of failure)
Confirm with . or Enter, or press ? or * to list all spells.
You don't have enough magic to cast this spell.
Unknown command.
Casting: Scorch (safe; 10% risk of failure)
Confirm with . or Enter, or press ? or * to list all spells.
You don't have enough magic to cast this spell.
Unknown command.
You aren't carrying any items that you can evoke.
Magic courses through your body. Terence barely misses you.
Casting: Scorch (safe; 10% risk of failure)
Confirm with . or Enter, or press ? or * to list all spells.
You miscast Foxfire.
You are very lightly contaminated with residual magic.
Nothing appears to happen.
Terence hits you but does no damage.
Casting: Foxfire (safe; 11% risk of failure)
Confirm with . or Enter, or press ? or * to list all spells.
You conjure some foxfire!
Terence hits you with a +0 mace.
* * * LOW HITPOINT WARNING * * *
The foxfire hits Terence but does no damage.
Terence is severely wounded.
The foxfire hits Terence.
Terence is almost dead.
Terence hits you with a +0 mace.
* * * LOW HITPOINT WARNING * * *
Unknown command.
It was a potion of resistance.
You feel protected. Terence hits you with a +0 mace.
You die...
Terence says, "Rest in peace."

..............####.#.##.##
..........................
#..#####.###......#....##
#.†.####.#####..........#
...............#.....##..
####...##.#####.#....#...#
.................#..#....#
######...#§####...###....
.........@........ #....
#######.[.@####... #....#
#..#.# #..#.#### #..#....+
#..#..### ...##... ###.#
####


You could see Terence.

Vanquished Creatures
  A dart slug (D:2)
  2 bats (D:1)
  3 endoplasms
  4 giant cockroaches
  3 goblins (D:1)
  3 hobgoblins
  3 jackals (D:1)
  A quokka (D:3)
  3 ball pythons
  8 frilled lizards
  4 kobolds
  2 rats
37 creatures vanquished.

Vanquished Creatures (others)
  53 foxfires
53 creatures vanquished.

Grand Total: 90 creatures vanquished

Notes
Turn   | Place    | Note
-------+----------+-------------------------------------------
     0 | D:1      | Larett the Mountain Dwarf Fire Elementalist began the quest
                  | for the Orb.
     0 | D:1      | Reached XP level 1. HP: 14/14 MP: 3/3
    71 | D:1      | Reached skill level 1 in Conjurations
   202 | D:1      | Found Ynizi Teli's Jewellery Boutique.
   207 | D:1      | Reached XP level 2. HP: 20/20 MP: 2/4
   255 | D:1      | Found Seclaugo's Assorted Antiques.
   352 | D:1      | Found Raosor's Book Emporium.
   384 | D:1      | Found Beruatui's Assorted Antiques.
   413 | D:1      | Found Tohipp's General Store.
   699 | D:1      | Reached skill level 1 in Armour
   849 | D:1      | Reached XP level 3. HP: 23/26 MP: 3/6
   963 | D:1      | Learned a level 2 spell: Scorch
  1985 | D:3      | Identified the +0 hat "Yfitymm" {Fly Str+4 Int+3}
  2010 | D:3      | Noticed Terence
  2032 | D:3      | HP: 1/26 [Terence/+0 mace (5)]
  2033 | D:3      | Slain by Terence

Illustrated notes

Levels and vault maps discovered:
D:1:      matt_arrival_grand_opening, layout_basic, serial_shops,
          nicolae_shop_waterfront, shop, shop, nicolae_shop_statue_plus,
          nicolae_shop_back_alley_shop
D:2:      layout_rooms, serial_bayou, serial_bayou_pond_c, serial_bayou_pond_c,
          serial_bayou_lagoon_a, serial_bayou_lagoon_b, glass_columns_b,
          minmay_3d_cube
D:3:      layout_basic, nzn_overflow_gifts_of_might_and_magic,
          hellmonk_ecumenical_altar_arch_garden, serial_bayou_pond_e,
          minmay_misc_feat_chi, uniq_grinder, uniq_crazy_yiuf_cottage,
          uniq_terence

Skill      XL: |  1  2 |
---------------+-------+-----
Conjurations   | 1 |  1.4
Spellcasting   | 2 |  2.1
Armour         | 1 |  1.2
Dodging        | |  1.7
Stealth        | |  1.7
Fire Magic     | |  3.9

Action                     || total
---------------------------++-------
  Melee: Unarmed           ||     4
         Dagger            ||    55
   Cast: Foxfire           ||    32
         Scorch            ||    10
    Use: Scroll            ||     3
         Potion            ||     3
   Stab: Sleeping          ||     1
 Armour: Robe              ||     4
         Leather armour    ||    43
         Chain mail        ||    19
  Dodge: Dodged            ||    59

Table legend: (Time is in decaauts)
 A = Elapsed time spent in this place.
 B = Non-inter-level travel time spent in this place.
 C = Inter-level travel time spent in this place.
 D = Time resting spent in this place.
 E = Time spent auto-exploring this place.
 F = Levels seen in this place.
 G = Mean time per level.
                   A        B        C        D        E       F      G
               +--------+--------+--------+--------+--------+-----+--------+
         Total |   2082 |   2006 |     76 |     40 |   1466 |   3 |  694.0 |
       Dungeon |   2082 |   2006 |     76 |     40 |   1466 |   3 |  694.0 |
               +--------+--------+--------+--------+--------+-----+--------+

Top non-repeatable levels by time:
     D:2: 1012 daAuts
     D:1: 985 daAuts
     D:3: 84 daAuts
